 Dungeon Crawl Stone Soup version 0.30-a0-557-ge2afbf3030 (webtiles) character file.

Game seed: 12192663094701109541

9 PimpSugar the Magician (level 2, -1/19 HPs)
             Began as a Demonspawn Hedge Wizard on Dec 27, 2022.
             Slain by a quokka (2 damage)
             ... on level 1 of the Dungeon.
             The game lasted 00:01:21 (311 turns).

PimpSugar the Magician (Demonspawn Hedge Wizard)     Turns: 311, Time: 00:01:22

Health: -1/19      AC:  2    Str:  9 (10) XL:     2   Next: 6%
Magic:  6/6        EV: 12    Int: 13 (15) God:
Gold:   25         SH:  0    Dex:  9 (12) Spells: 6/7 levels left

rFire   . . .      SeeInvis .    j - staff of death
rCold   . . .      Faith    .    (no shield)
rNeg    + . .      Spirit   .    b - +0 robe
rPois   .          Reflect  .    (helmet restricted)
rElec   .          Harm     .    (no cloak)
rCorr   .          Rampage  .    (no gloves)
Will    .....                    (no boots)
Stlth   ++                       (no amulet)
HPRegen 0.23/turn                (no ring)
MPRegen 0.10/turn                (no ring)

@: no status effects
A: horns 1
a: no special abilities


You were on level 1 of the Dungeon.
You visited 1 branch of the dungeon, and saw 1 of its levels.

You collected 25 gold pieces.

Inventory:

Hand Weapons
 a - a +0 dagger
Missiles
 e - 9 stones
 i - 6 poisoned darts (quivered)
Armour
 b - a +0 robe (worn)
 c - a +0 hat
 g - a +0 helmet
Magical Staves
 j - a staff of death (weapon)
Scrolls
 f - a scroll of identify {unknown}
 k - a scroll of fear {unknown}
Potions
 d - a potion of magic


   Skills:
 + Level 0.2 Fighting
 + Level 1.8 Dodging
 + Level 1.8 Stealth
 * Level 3.1 Spellcasting
 * Level 1.3 Conjurations
 + Level 1.1 Summonings
 + Level 0.0 Necromancy
 + Level 1.1 Translocations
 + Level 0.1 Evocations


You had 6 spell levels left.
You knew the following spells:

 Your Spells              Type           Power      Damage    Failure   Level
a - Magic Dart            Conj           20%        1d4       13%         1

Your spell library contained the following spells:

 Spells                   Type           Power      Damage    Failure   Level
 Slow                     Hex            8%         N/A       22%         1
 Blink                    Tloc           8%         N/A       22%         2
 Call Imp                 Summ           4%         N/A       22%         2
 Cigotuvi's Dreadful Rot  Necr/Pois/Air  6%         N/A       34%         2
 Mephitic Cloud           Conj/Pois/Air  3%         N/A       50%         3


Dungeon Overview and Level Annotations

Branches:
Dungeon (1/15)

Altars:


Innate Abilities, Weirdness & Mutations

You have a pair of small horns on your head.


Message History

The hobgoblin shouts!
You hear an angry hiss. x2
A ball python comes into view.
A hobgoblin comes into view.
A quokka comes into view.
A ball python comes into view.
The hobgoblin hits you.
You see here 4 gold pieces.
Casting: Magic Dart (safe; 12% risk of failure)
Confirm with . or Enter, or press ? or * to list all spells.
You don't know that spell.
The hobgoblin hits you.
You see here 5 gold pieces.
A ball python comes into view.
A hobgoblin opens the door.
The hobgoblin barely misses you.
The hobgoblin shouts!
You hit the quokka.
The quokka is severely wounded.
You hear an angry hiss.
The quokka bites you.
* * * LOW HITPOINT WARNING * * *
The hobgoblin hits you.
* * * LOW HITPOINT WARNING * * *
The quokka bites you but does no damage.
You hit the quokka but do no damage.
The quokka is severely wounded.
The hobgoblin misses you. The quokka barely misses you.
The ball python bites you.
* * * LOW HITPOINT WARNING * * *
The ball python grabs you. The ball python constricts you.
The quokka bites you.
* * * LOW HITPOINT WARNING * * *
It was a potion of degeneration.
There was something very wrong with that liquid.
You feel weakened.
You feel dopey.
You feel clumsy. The ball python loses its grip on you.
The hobgoblin closely misses you. The quokka misses you.
The ball python barely misses you. The ball python closely misses you.
You barely miss the ball python. The hobgoblin barely misses you.
The hobgoblin hits you but does no damage.
The quokka bites you.
You die...

...#####
#......#.####
#......#.....
#......#.....
#..S...'.....
####....$.......
#.....$⌠S.......
#.$grg# #...@S# .
#.#..## .. #
#$#...#### .##
...##.#.#......#####
...
......#.#..........#
###
#...........###.##
#...........# #..##
#...........#
##..#####
#.....).....#
##.....#


You could see a quokka, 2 hobgoblins and 3 ball pythons.

Vanquished Creatures
  A bat (D:1)
  2 endoplasms (D:1)
  3 goblins (D:1)
  A quokka (D:1)
7 creatures vanquished.

Notes
Turn   | Place    | Note
-------+----------+-------------------------------------------
     0 | D:1      | PimpSugar the Demonspawn Hedge Wizard began the quest for
                  | the Orb.
     0 | D:1      | Reached XP level 1. HP: 13/13 MP: 4/4
   160 | D:1      | Reached skill level 1 in Translocations
   286 | D:1      | Gained mutation: You have a pair of small horns on your
                  | head. [demonic ancestry]
   286 | D:1      | Reached XP level 2. HP: 14/19 MP: 4/6
   311 | D:1      | Slain by a quokka

Illustrated notes

Levels and vault maps discovered:
D:1:      giann_forest_graveyard, layout_basic,
          dreamdust_ecumenical_altar_sealed_demon, dreamdust_wishing_well

Skill      XL: |  1 |
---------------+----+-----
Translocations | 1 |  1.1
Fighting       | |  0.2
Dodging        | |  1.8
Stealth        | |  1.8
Spellcasting   | |  3.1
Conjurations   | |  1.3
Summonings     | |  1.1
Evocations     | |  0.1

Action                   || total
-------------------------++-------
Melee: Dagger            ||     8
       Staff             ||     8
       Punch             ||     1
       Headbutt          ||     1
 Cast: Magic Dart        ||     6
  Use: Potion            ||     1
Armor: Robe              ||    10
Dodge: Dodged            ||    16

Table legend: (Time is in decaauts)
 A = Elapsed time spent in this place.
 B = Non-inter-level travel time spent in this place.
 C = Inter-level travel time spent in this place.
 D = Time resting spent in this place.
 E = Time spent auto-exploring this place.
 F = Levels seen in this place.
 G = Mean time per level.
                   A        B        C        D        E       F      G
               +--------+--------+--------+--------+--------+-----+--------+
         Total |    311 |    249 |     62 |      0 |    137 |   1 |  311.0 |
       Dungeon |    311 |    249 |     62 |      0 |    137 |   1 |  311.0 |
               +--------+--------+--------+--------+--------+-----+--------+

Top non-repeatable levels by time:
     D:1: 311 daAuts
